 Dungeon Crawl Stone Soup version 0.21.1-1-g345015f (webtiles) character file.

59 lotte the Magician (level 3, -5/19 HPs)
             Began as a Deep Elf Wizard on July 1, 2018.
             Slain by an iron imp (11 damage)
             ... summoned by Natasha
             ... on level 2 of the Dungeon.
             The game lasted 00:06:59 (1718 turns).

lotte the Magician (Deep Elf Wizard)                Turns: 1718, Time: 00:07:00

Health: -5/19      AC:  2    Str:  4    XL:     3   Next: 78%
Magic:  2/12       EV: 13    Int: 23    God:
Gold:   22         SH:  0    Dex: 13    Spells: 8/14 levels left

rFire    . . .     SeeInvis .   f - +0 whip
rCold    . . .     Gourm    .   (no shield)
rNeg     . . .     Faith    .   a - +0 robe
rPois    .         Spirit   .   b - +0 hat
rElec    .         Reflect  .   (no cloak)
rCorr    .         Harm     .   (no gloves)
MR       .....                  (no boots)
Stlth    ++........             (no amulet)
HPRegen  0.06/turn              (no ring)
MPRegen  0.13/turn              (no ring)

@: no status effects
A: no striking features
a: no special abilities


You were on level 2 of the Dungeon.
You were very hungry.

You visited 1 branch of the dungeon, and saw 2 of its levels.

You collected 22 gold pieces.

Inventory:

Hand Weapons
 f - a +0 whip (weapon)
Armour
 a - a +0 robe (worn)
 b - a +0 hat (worn)
Jewellery
 e - an uncursed ring of ice {unknown}
Scrolls
 g - 2 scrolls of identify {unknown}
 j - a scroll of immolation {unknown}
Potions
 h - a potion of lignification {unknown}
 i - a potion of magic {unknown}
Books
 c - a book of Minor Magic

   Spells                             Type                      Level
   a - Magic Dart                     Conjuration                  1
   b - Blink                          Translocation                2
   c - Call Imp                       Summoning                    2
   d - Slow                           Hexes                        2
   e - Conjure Flame                  Conjuration/Fire             3
   f - Mephitic Cloud                 Conjuration/Poison/Air       3
Comestibles
 d - 4 rations


   Skills:
 - Level 2.7 Dodging
 - Level 2.6 Stealth
 - Level 6.0 Spellcasting
 + Level 1.8 Conjurations
 - Level 1.1 Summonings
   Level 1.1 Translocations


You had 8 spell levels left.
You knew the following spells:

 Your Spells              Type           Power        Failure   Level  Hunger
a - Magic Dart            Conj           ###.         3%          1    None
b - Call Imp              Summ           ##......     8%          2    None
c - Mephitic Cloud        Conj/Pois/Air  #.......     21%         3    #......


Dungeon Overview and Level Annotations

Branches:
Dungeon (2/15)

Altars:
Qazlal

Annotations:
D:2 Natasha


Message History

The crimson imp blinks!
Casting: Call Imp
Confirm with . or Enter, or press ? or * to list all spells.
You don't have enough magic to cast that spell.
A magic dart appears from out of your range of vision.
The magic dart hits your crimson imp.
Your crimson imp dies!
Casting: Call Imp
Confirm with . or Enter, or press ? or * to list all spells.
You don't have enough magic to cast that spell.
The crimson imp disappears in a puff of smoke!
Casting: Call Imp
Confirm with . or Enter, or press ? or * to list all spells.
You don't have enough magic to cast that spell.
Casting: Call Imp
Confirm with . or Enter, or press ? or * to list all spells.
You don't have enough magic to cast that spell.
The iron imp hits you!
Ouch! That really hurt!
You die...

#.#....#.....
#.#..........
#........#...
#............
#............
#............
#............
######.......####+
#@5.....h.5.......
#########....#5...
#....# ..
##..##.#.. #..#
.... ###..#.....
#....#.....
#..........
########.)..##.##.


You could see an iron imp and Natasha (wandering).

Vanquished Creatures
  An ooze (D:1)
  A dart slug (D:1)
  A leopard gecko (D:1)
  7 goblins (D:1)
  6 hobgoblins
  5 kobolds
  2 bats (D:1)
  A frilled lizard (D:1)
  3 rats (D:1)
27 creatures vanquished.

Vanquished Creatures (collateral kills)
  Natasha (D:2)
  An adder (D:2)
  A worm (D:2)
  A ball python (D:2)
  A goblin (D:2)
  A kobold (D:2)
6 creatures vanquished.

Grand Total: 33 creatures vanquished

Notes
Turn   | Place    | Note
-------+----------+-------------------------------------------
     0 | D:1      | lotte the Deep Elf Wizard began the quest for the Orb.
     0 | D:1      | Reached XP level 1. HP: 10/10 MP: 7/7
   180 | D:1      | Reached XP level 2. HP: 15/15 MP: 7/9
   184 | D:1      | Learned a level 2 spell: Call Imp
   244 | D:1      | Reached skill level 5 in Spellcasting
   936 | D:1      | Reached XP level 3. HP: 19/19 MP: 8/12
   969 | D:1      | Learned a level 3 spell: Mephitic Cloud
  1350 | D:2      | Found a stormy altar of Qazlal.
  1402 | D:2      | Reached skill level 6 in Spellcasting
  1634 | D:2      | Noticed Natasha
  1662 | D:2      | Killed Natasha
  1672 | D:2      | Noticed Natasha
  1718 | D:2      | Slain by an iron imp

Skill      XL: |  1  2  3 |
---------------+----------+-----
Spellcasting   | 5 6 |  6.0
Dodging        | |  2.7
Stealth        | |  2.6
Conjurations   | |  1.8
Summonings     | |  1.1
Translocations | |  1.1

Action                   || total
-------------------------++-------
Melee: Whip              ||    12
 Cast: Magic Dart        ||    65
       Call Imp          ||    25
  Eat: Chunk             ||     1
Armor: Robe              ||     1
Dodge: Dodged            ||    17
